 Dungeon Crawl Stone Soup version 0.30.0-5-g1a98f26d00 (webtiles) character file.

Game seed: 15071084174809173504

279 dialectric the Scratcher (level 6, 0/28 HPs)
             Began as a Felid Chaos Knight on May 9, 2023.
             Was a Plaything of Xom.
             Slain by a hornet (4 damage)
             ... in a sewer.
             The game lasted 00:03:15 (2377 turns).

dialectric the Scratcher (Felid Chaos Knight)       Turns: 2377, Time: 00:03:16

Health: 0/28       AC:  2    Str: 16    XL:     6   Next: 5%
Magic:  7/7        EV: 18    Int: 14    God:    Xom [.*....]
Gold:   78         SH:  0    Dex: 15    Spells: 5/5 levels left
                                        Lives:  0   Deaths: 1

rFire   . .          .
                       - Unarmed
rCold   . . .        (shield unavailable)
rNeg    . . .        (body armour unavailable)
rPois   .            (helmet unavailable)
rElec   .            (cloak unavailable)
rCorr   .            (gloves unavailable)
SInv    +            (boots unavailable)
Will    .....        (no amulet)
Stlth   ++           g - +6 ring of strength
HPRegen 0.24/turn    (no ring)
MPRegen 0.10/turn

%: no passive effects
@: lethally poisoned (0 -> -3), quick
A: very small, claws 1, fangs 3, see invisible, speed 1, shaggy fur 2, stealthy
paws, no weapons or thrown items, no armour, multi-lived
a: Renounce Religion


You were in a sewer.
You worshipped Xom.
You were a plaything of Xom.
You visited 1 branch of the dungeon, and saw 5 of its levels.
You also visited: Sewer.

You collected 78 gold pieces.

Inventory:

Armour
 k - a +0 pair of gloves
Jewellery
 g - a +6 ring of strength (left paw)
 n - a ring of protection from cold
Scrolls
 b - 11 scrolls of identify {unknown}
 d - a scroll of butterflies {unknown}
 i - a scroll of brand weapon {unknown}
 o - a scroll of torment {unknown}
 p - 2 scrolls of fear {unknown}
Potions
 c - a potion of berserk rage {unknown}
 e - a potion of lignification {unknown}
 f - 3 potions of mutation {unknown}
 h - 2 potions of resistance {unknown}
 j - a potion of brilliance {unknown}
 l - a potion of heal wounds {unknown}
 m - a potion of degeneration {unknown}
 q - a potion of cancellation {unknown}
Miscellaneous
 a - a piece from Xom's chessboard (12/15) (quivered)


   Skills:
 + Level 3.8 Fighting
 + Level 4.1 Dodging
 + Level 1.9 Stealth
 * Level 6.4 Unarmed Combat


You had 5 spell levels left.
You didn't know any spells.
Your spell library contained the following spells:

 Spells                   Type           Power      Damage    Failure   Level
 Sublimation of Blood     Necr           0%         N/A       41%         2
 Wereblood                Tmut           0%         N/A       41%         2
 Summon Hydra             Summ           0%         N/A       100%        7


Dungeon Overview and Level Annotations

Branches:
Dungeon (5/15)             Temple (0/1) D:4           Sewer (1/1)

Altars:
Cheibriados
Gozag
Hepliaklqana
Nemelex Xobeh
Qazlal
Trog

Shops:
D:1 (=


Innate Abilities, Weirdness & Mutations

You have sharp claws.
You have razor-sharp teeth.
You have supernaturally acute eyesight. (SInv)
You cover ground quickly. (Speed+)
You are covered in thick fur. (AC +2)
Your paws help you pounce on unaware monsters.
You are incapable of wielding weapons or throwing items.
You cannot wear armour.
You gain extra lives every three experience levels.


Message History

The hornet buzzes angrily.
The kobold shouts!
The kobold throws a stone.
The stone barely misses you. The kobold misses you.
You make a move on Xom's chessboard...
The kobold flickers and vanishes for a moment.
The hornet barely misses you.
Unknown command.
Unknown command.
Unknown command.
You make a move on Xom's chessboard...
The kobold is outlined in light.
The hornet misses you. The kobold misses you.
The kobold hits you with a +0 club.
Unknown command.
The hornet stings you.
You are poisoned.
You feel yourself slow down.
Unknown command.
You claw the hornet!
The hornet is moderately wounded.
You feel very sick. The hornet completely misses you.
The kobold hits you with a +0 club.
You completely miss the hornet. Your bite misses the hornet.
The hornet is lightly wounded.
You feel yourself speed up.
You feel sick. The hornet completely misses you.
The kobold completely misses you. The hornet closely misses you.
The kobold completely misses you.
The kobold hits you with a +2 short sword of freezing.
You emit a cloud of colourful smoke!
The kobold freezes you.
* * * LOW HITPOINT WARNING * * *
The kobold hits you with a +0 short sword.
* * * LOW HITPOINT WARNING * * *
You make a move on Xom's chessboard...
The kobold is moving more slowly.
* * * LOW HITPOINT WARNING * * *
You feel sick. The hornet misses you. The kobold barely misses you.
The hornet stings you.
You die...
Xom bursts into laughter!

#.......#
#....P.P#
#......~#
##....~~P#
#.....~~~#~
##.....~~~~~
#..K....~P#~≈
##yKK...~~#~≈
#K@K...~P#
#§§......#
##........#
#........~#~≈
#..†...†~~#~≈~
##...†.~P~~~≈~
#......~P#~~~
#.....P~~~~≈~
##....P~~#~≈~


You could see a hornet and 5 kobolds.

Vanquished Creatures
  A black bear (D:5)
  An ogre (D:4)
  A hound (D:5)
  An orc wizard (D:4)
  3 adders
  A gnoll (D:4)
  An ufetubus (D:5)
  3 worms
  3 dart slugs
  5 bats
  4 endoplasms
  4 giant cockroaches
  3 goblins
  4 hobgoblins
  5 jackals
  6 kobolds
  2 quokkas
  11 ball pythons
  4 frilled lizards
  4 rats
67 creatures vanquished.

Vanquished Creatures (collateral kills)
  A hound (D:5)
1 creature vanquished.

Grand Total: 68 creatures vanquished

Notes
Turn   | Place    | Note
-------+----------+-------------------------------------------
     0 | D:1      | dialectric the Felid Chaos Knight began the quest for the
                  | Orb.
     0 | D:1      | Reached XP level 1. HP: 10/10 MP: 2/2
    92 | D:1      | Found Cenyr's Antique Weapon Shoppe.
    93 | D:1      | Found Vuravol's Jewellery Emporium.
    97 | D:1      | Reached XP level 2. HP: 8/14 MP: 3/3
   265 | D:2      | XOM: silly message
   490 | D:2      | Found a snail-covered altar of Cheibriados.
   501 | D:2      | Reached XP level 3. HP: 16/17 MP: 4/4
   614 | D:2      | XOM: god gift: pair of gloves {god gift}
   641 | D:2      | XOM: confuse monster(s)
   876 | D:3      | XOM: cast spell 'Cause Fear'
  1120 | D:3      | Reached skill level 4 in Unarmed Combat
  1169 | D:3      | XOM: smoke on damage
  1219 | D:3      | Reached XP level 4. HP: 21/21 MP: 5/5
  1273 | D:3      | Identified the +0 robe of a Gauntlet {rF+}
  1484 | D:2      | XOM: silly message
  1488 | D:2      | XOM: noise
  1577 | D:4      | Found a stormy altar of Qazlal.
  1622 | D:4      | XOM is BORED!
  1622 | D:4      | XOM: 2-stop teleportation journey
  1751 | D:4      | Noticed an ogre
  1760 | D:4      | Killed an ogre
  1761 | D:4      | Reached skill level 1 in Stealth
  1761 | D:4      | Reached skill level 5 in Unarmed Combat
  1761 | D:4      | Reached XP level 5. HP: 25/25 MP: 6/6
  1790 | D:4      | Found an opulent altar of Gozag.
  1890 | D:4      | Found a staircase to the Ecumenical Temple.
  1973 | D:3      | HP: 1/25 [orc priest/divine providence (12)]
  1974 | D:3      | Killed from afar by an orc priest
  1975 | D:3      | Reached XP level 4. HP: -11/22 MP: 5/5
  2021 | D:4      | XOM: silly message
  2045 | D:5      | Entered Level 5 of the Dungeon
  2049 | D:5      | XOM: summons 2 friendly demons
  2054 | D:5      | Found a bloodstained altar of Trog.
  2056 | D:5      | Found a sparkling altar of Nemelex Xobeh.
  2074 | D:5      | Reached XP level 5. HP: 19/25 MP: 6/6
  2098 | D:5      | Found a hazy altar of Hepliaklqana.
  2114 | D:5      | Noticed a black bear
  2125 | D:5      | XOM: enchant monster (bad)
  2126 | D:5      | Killed a black bear
  2127 | D:5      | Reached skill level 6 in Unarmed Combat
  2174 | D:5      | Found a glowing drain.
  2184 | D:5      | Gained mutation: You are covered in thick fur. (AC +2)
                  | [Felid growth]
  2184 | D:5      | Reached XP level 6. HP: 16/28 MP: 7/7
  2187 | Sewer    | Entered a sewer
  2357 | Sewer    | a kobold brigand changed into a hornet
  2357 | Sewer    | Noticed a hornet
  2357 | Sewer    | XOM: polymorph kobold brigand -> hornet
  2376 | Sewer    | XOM: smoke on damage
  2377 | Sewer    | Slain by a hornet

Illustrated notes

Levels and vault maps discovered:
D:1:      scummos_arrival_checkerplants, layout_basic,
          shapermc_ecumenical_altar_venn, serial_shops,
          nicolae_shop_competitors_out_of_business, shop, feat_on_display
D:2:      layout_loops_cross, basic_altar
D:3:      layout_rooms, grunt_ministairs_9
D:4:      nicolae_cairo_tiling_large_dashed, layout_basic,
          mainiacjoe_overflow_24_doors, lemuel_coloured_pillars_altar,
          minmay_temple_entry_enclosed_plants
D:5:      layout_cave_pools, gammafunk_temple_overflow_forgotten,
          doesnt_xom_only_xom, cheibrodos_sewer_entry_sluice
Sewer:    kennysheep_pipe_town

Skill      XL: |  1  2  3  4  5 |
---------------+----------------+-----
Unarmed Combat | 4 5 6 |  6.4
Stealth        | 1 |  1.9
Dodging        | 4 |  4.1
Fighting       | |  3.8

Action                     |  1- 3 |  4- 6 || total
---------------------------+-------+-------++-------
  Melee: Unarmed           |   108 |    91 ||   199
         Punch             |     2 |     1 ||     3
         Bite              |    13 |     8 ||    21
  Evoke: Piece from Xom's  |       |     3 ||     3
    Use: Scroll            |       |     1 ||     1
   Stab: Sleeping          |       |     1 ||     1
 Armour: Skin              |     5 |    11 ||    16
  Dodge: Dodged            |    79 |   111 ||   190
